 Dungeon Crawl Stone Soup version 0.20-a0-673-g53087c7 (webtiles) character file.

189 M4edhros the Sneak (level 5, 0/33 HPs)
             Began as an Octopode Artificer on Feb 18, 2017.
             Succumbed to a scorpion's poison
             ... on level 4 of the Dungeon.
             The game lasted 00:00:52 (925 turns).

M4edhros the Sneak (Octopode Artificer)              Turns: 925, Time: 00:00:53

Health: 0/33       AC:  1    Str: 11    XL:     5   Next: 68%
Magic:  7/7        EV: 13    Int: 14    God:
Gold:   61         SH:  0    Dex: 13    Spells: 4/4 levels left

rFire    . . .     SeeInvis .   a - +0 short sword
rCold    . . .     Gourm    .   (no shield)
rNeg     . . .     Faith    .   (helmet restricted)
rPois    .         Spirit   .   (no amulet)
rElec    .         Reflect  .   (no ring)
rCorr    .         Harm     .   (no ring)
MR       .....                  (no ring)
Stlth    +++++.....             (no ring)
Regen    0.2/turn               (no ring)
MPRegen  0.1/turn               (no ring)
                                (no ring)
                                (no ring)

@: lethally poisoned (0 -> -9)
A: almost no armour, stealthy swim, amphibious, 8 rings, constrict 8, camouflage
1, gelatinous body 1
a: no special abilities


You were on level 4 of the Dungeon.
You were not hungry.

You visited 1 branch of the dungeon, and saw 5 of its levels.

You collected 61 gold pieces.

Inventory:

Hand Weapons
 a - a +0 short sword (weapon)
 h - a +0 hunting sling
Wands
 b - a wand of flame (14/48)
 c - a wand of enslavement (12/24)
 d - a wand of random effects (15/48)
 e - a wand of paralysis (18/24)
Scrolls
 g - a scroll of enchant weapon {unknown}
 j - a scroll of blinking {unknown}
 k - a scroll of magic mapping {unknown}
Comestibles
 f - a bread ration
 i - a royal jelly


   Skills:
 - Level 1.0 Fighting
 - Level 1.0 Short Blades
 - Level 2.0 Dodging
 + Level 7.8 Stealth
 - Level 3.2 Evocations


You had 4 spell levels left.
You didn't know any spells.

Dungeon Overview and Level Annotations

Branches:
Dungeon (5/15)
 Temple: D:4-7

Altars:


Innate Abilities, Weirdness & Mutations

You cannot wear most types of armour.
You are very stealthy in the water. (Stealth+)
You are amphibious.
You can wear up to eight rings at the same time.
You can use your tentacles to constrict eight enemies at once.
Your skin changes colour to match your surroundings (Stealth+).
Your rubbery body absorbs attacks. (AC +1, EV +1)


Message History

You feel sick.
You aren't carrying any potions.
* * * LOW HITPOINT WARNING * * *
You feel sick.
The orc wizard shouts!
* * * LOW HITPOINT WARNING * * *
You feel sick.
* * * LOW HITPOINT WARNING * * *
You feel sick.
You open the door.
* * * LOW HITPOINT WARNING * * *
You feel sick.
* * * LOW HITPOINT WARNING * * *
You feel sick.
There is an open door here.
* * * LOW HITPOINT WARNING * * *
You feel sick.
* * * LOW HITPOINT WARNING * * *
You feel sick.
You die...

#................##
#...............##
#..............##
#..........#..##
##....<)..#.....
#####.[....### '# #......#
o# ##......# #####.#
#....##.# #.@.+.+
#...###.# #.###.# ###..##
#.# #.# .# #....#
##.###'###.###+##
##....###..'.............
##......##..###+###.###+##
#......<....# .#
#...........# .#
............# .+


There were no monsters in sight!

Vanquished Creatures
  A scorpion (D:4)
  2 crimson imps (D:5)
  A hound (D:5)
  An orc wizard (D:4)
  2 orcs (D:4)
  A goblin (D:3)
  2 hobgoblins
  2 bats (D:3)
  A frilled lizard (D:2)
  A rat (D:2)
14 creatures vanquished.

Notes
Turn   | Place    | Note
-------+----------+-------------------------------------------
     0 | D:1      | M4edhros the Octopode Artificer began the quest for the Orb.
     0 | D:1      | Reached XP level 1. HP: 13/13 MP: 3/3
   181 | D:2      | Reached skill level 2 in Stealth
   377 | D:3      | Reached XP level 2. HP: 16/18 MP: 4/4
   388 | D:4      | Reached skill level 4 in Stealth
   388 | D:4      | Reached XP level 3. HP: 9/23 MP: 5/5
   419 | D:5      | Entered Level 5 of the Dungeon
   606 | D:5      | Reached skill level 5 in Stealth
   606 | D:5      | Reached XP level 4. HP: 21/28 MP: 6/6
   704 | D:5      | Reached skill level 6 in Stealth
   786 | D:5      | Reached skill level 7 in Stealth
   786 | D:5      | Reached XP level 5. HP: 24/33 MP: 7/7
   795 | D:5      | Noticed a centaur
   924 | D:4      | HP: 1/33 [poisoned by a scorpion]
   925 | D:4      | Succumbed to a scorpion's poison

Vault maps used:
D:1:      doesnt_arrival_goblin_jail
D:3:      first_bread
D:4:      minmay_door_square
D:5:      minmay_shop_grid_forest, grunt_decor_one_mirror,
          nicolae_tso_besieged_by_evil

Skill      XL: |  1  2  3  4 |
---------------+-------------+-----
Stealth        | 2 4 5 7 |  7.8
Fighting       | |  1.0
Short Blades   | |  1.0
Dodging        | |  2.0
Evocations     | |  3.2

Action                   |  1- 3 |  4- 6 || total
-------------------------+-------+-------++-------
Melee: Short sword       |    16 |    20 ||    36
       Constrict         |     5 |     5 ||    10
       Tentacles         |     1 |     3 ||     4
Evoke: Wand              |     3 |     1 ||     4
  Use: Potion            |     1 |       ||     1
 Stab: Sleeping          |     5 |     1 ||     6
Armor: Skin              |     3 |     3 ||     6
Dodge: Dodged            |     8 |     4 ||    12
